 Dungeon Crawl Stone Soup version 0.19.1-1-g22dce08 (webtiles) character file.

84 McKennaii the Magician (level 4, -1/27 HPs)
             Began as a High Elf Wizard on Jan 5, 2017.
             Slain by a jackal (2 damage)
             ... on level 2 of the Dungeon.
             The game lasted 00:08:30 (1162 turns).

McKennaii the Magician (High Elf Wizard)            Turns: 1162, Time: 00:08:31

Health: -1/27      AC:  5    Str:  6    XL:     4   Next: 23%
Magic:  2/11       EV: 12    Int: 22    God:
Gold:   95         SH:  0    Dex: 14    Spells: 4 memorised, 5 levels left

rFire  + . .     SeeInvis .     (no weapon)
rCold  . . .     Gourm    .     g - +2 leather armour {rF+}
rNeg   . . .     Faith    .     (no shield)
rPois  .         Spirit   .     b - +0 hat
rElec  .         Reflect  .     (no cloak)
rCorr  .         Harm     .     (no gloves)
MR     .....                    (no boots)
Stlth  ++........               (no amulet)
                                (no ring)
                                (no ring)

@: very slightly contaminated
A: no striking features
a: no special abilities


You were on level 2 of the Dungeon.
You were hungry.

You visited 1 branch of the dungeon, and saw 2 of its levels.

You collected 95 gold pieces.

Inventory:

Hand Weapons
 k - a +0 whip of venom
Armour
 a - a +0 robe
 b - a +0 hat (worn)
 g - a +2 leather armour of fire resistance (worn)
Jewellery
 i - a cursed ring of see invisible {unknown}
Scrolls
 j - a scroll of amnesia {unknown}
 l - a scroll of teleportation {unknown}
 q - a scroll of identify {unknown}
Potions
 e - 2 potions of resistance {unknown}
 f - a potion of might {unknown}
 h - a potion of curing {unknown}
 m - a potion of haste {unknown}
 o - a potion of agility {unknown}
Books
 c - a book of Minor Magic

   Spells                             Type                      Level
   a - Magic Dart                     Conjuration                  1
   b - Blink                          Translocation                2
   c - Call Imp                       Summoning                    2
   d - Repel Missiles                 Charms/Air                   2
   e - Slow                           Hexes                        2
   f - Conjure Flame                  Conjuration/Fire             3
   g - Mephitic Cloud                 Conjuration/Poison/Air       3
Comestibles
 d - 3 bread rations
 n - a meat ration
 p - a slice of pizza


   Skills:
 + Level 0.5 Armour
 + Level 2.4 Dodging
 + Level 2.5 Stealth
 + Level 0.8 Unarmed Combat
 + Level 4.6 Spellcasting
 + Level 2.1 Conjurations
 + Level 1.2 Summonings
 + Level 1.1 Translocations


You had 5 spell levels left.
You knew the following spells:

 Your Spells              Type           Power        Failure   Level  Hunger
a - Magic Dart            Conj           ##..         10%         1    None
b - Call Imp              Summ           ##......     17%         2    None
c - Blink                 Tloc           N/A          17%         2    None
d - Slow                  Hex            #.......     28%         2    None


Dungeon Overview and Level Annotations

Branches:
Dungeon (1/15)

Altars:
Dithmenos


Message History

The magic dart hits the jackal.
The jackal is moderately wounded.
* * * LOW HITPOINT WARNING * * *
You feel sick.
You are no longer poisoned.
The jackal barely misses you.
The jackal closely misses your white imp.
The jackal closely misses you.
Your white imp hits the jackal.
Your white imp freezes the jackal.
The jackal dies!
Casting: Magic Dart
Confirm with . or Enter, or press ? or * to list all spells.
Aiming: Magic Dart
Press: ? - help, Shift-Dir - straight line, f - jackal
Aim: a jackal The magic dart hits the jackal.
The jackal is heavily wounded.
Your white imp disappears in a puff of smoke!
The jackal bites you.
You die...

# ###.....
####################
######
...................#
##########.........# #
#.........# #
#.........# #
##########.........# #
..............h#+### #
#####.$.#####.#@# #
#.#.#####.#h# #######
#####
#.#.......†§##.......#
#....
hh#######.####.......#
#.... ..h ...#
#.......# #.... ....
##### #.......###....
#...h #.......+.#....
####. #.......#.#....
#.....†........


You could see a jackal.

Vanquished Creatures
  3 adders (D:2)
  An ooze (D:2)
  2 leopard geckos (D:1)
  3 bats
  2 giant cockroaches (D:1)
  5 goblins
  4 hobgoblins (D:1)
  A ball python (D:1)
  3 frilled lizards
  A kobold (D:1)
  3 rats
28 creatures vanquished.

Vanquished Creatures (collateral kills)
  3 adders (D:2)
  A giant cockroach (D:2)
  A goblin (D:2)
  2 hobgoblins (D:2)
  3 jackals (D:2)
  3 kobolds (D:2)
  A rat (D:2)
14 creatures vanquished.

Grand Total: 42 creatures vanquished

Notes
Turn   | Place    | Note
-------+----------+-------------------------------------------
     0 | D:1      | McKennaii the High Elf Wizard began the quest for the Orb.
     0 | D:1      | Reached XP level 1. HP: 11/11 MP: 6/6
   273 | D:1      | Reached XP level 2. HP: 8/17 MP: 3/7
   388 | D:1      | Reached skill level 4 in Spellcasting
   632 | D:1      | You fall through a shaft!
   637 | D:2      | Learned a level 2 spell: Call Imp
   640 | D:2      | Learned a level 2 spell: Blink
   643 | D:2      | Learned a level 2 spell: Slow
   656 | D:2      | Reached XP level 3. HP: 15/21 MP: 1/9
   752 | D:2      | Found a shadowy altar of Dithmenos.
   858 | D:2      | Reached skill level 1 in Summonings
   871 | D:2      | Found a faded altar of an unknown god.
   992 | D:2      | Reached XP level 4. HP: 13/27 MP: 6/11
  1161 | D:2      | HP: 1/27 [poisoned by an adder]
  1162 | D:2      | Slain by a jackal

Skill      XL: |  1  2  3 |
---------------+----------+-----
Spellcasting   | 4 |  4.6
Conjurations   | 2 |  2.1
Summonings     | 1 |  1.2
Armour         | |  0.5
Dodging        | |  2.4
Stealth        | |  2.5
Unarmed Combat | |  0.8
Translocations | |  1.1

Action                   |  1- 3 |  4- 6 || total
-------------------------+-------+-------++-------
Melee: Unarmed           |    21 |     1 ||    22
 Cast: Magic Dart        |    62 |    13 ||    75
       Call Imp          |     6 |     3 ||     9
Armor: Leather armour    |    17 |     5 ||    22
       Robe              |     1 |       ||     1
Dodge: Dodged            |    37 |     8 ||    45
